 Dungeon Crawl Stone Soup version 0.23.2-11-gf996548c65 (webtiles) character file.

Game seed: 2137976326005515764

51 MalarOregon the Charmwright (level 3, -1/29 HPs)
             Began as a Barachi Skald on June 5, 2019.
             Slain by a hobgoblin
             ... wielding a +0 club
              (5 damage)
             ... on level 2 of the Dungeon.
             The game lasted 00:02:32 (1859 turns).

MalarOregon the Charmwright (Barachi Skald)         Turns: 1859, Time: 00:02:33

Health: -1/29      AC:  5    Str: 12    XL:     3   Next: 81%
Magic:  6/6        EV: 12    Int: 13    God:
Gold:   79         SH:  0    Dex: 12    Spells: 4/7 levels left

rFire    . . .     SeeInvis .   a - +0 falchion
rCold    . . .     Gourm    .   (no shield)
rNeg     . . .     Faith    .   b - +0 leather armour
rPois    .         Spirit   .   (no helmet)
rElec    .         Reflect  .   (no cloak)
rCorr    .         Harm     .   (no gloves)
MR       .....     Clarity  +   (no boots)
Stlth    +.........             (no amulet)
HPRegen  0.09/turn              (no ring)
MPRegen  0.10/turn              (no ring)

@: lethally poisoned (-1 -> -13), flying, hasted, quick
A: +LOS, swims, talons 1, iridescent scales 1, clarity, slowness 1, strong legs
1
a: Hop


You were on level 2 of the Dungeon.
You were not hungry.

You visited 1 branch of the dungeon, and saw 2 of its levels.

You collected 79 gold pieces.

Inventory:

Hand Weapons
 a - a +0 falchion (weapon)
Armour
 b - a +0 leather armour (worn)
Scrolls
 c - a scroll of enchant weapon {unknown}
 f - 2 scrolls of remove curse {unknown}
 h - a scroll of immolation {unknown}
 j - 3 scrolls of amnesia {unknown}
Potions
 i - a potion of flight
Comestibles
 e - a ration {!d}
 g - 2 chunks of flesh


   Skills:
 + Level 3.0 Fighting
 * Level 3.3 Long Blades
 + Level 1.9 Armour
 + Level 2.6 Dodging
 + Level 2.5 Spellcasting
 + Level 3.5 Charms


You had 4 spell levels left.
You knew the following spells:

 Your Spells              Type           Power        Failure   Level  Hunger
a - Infusion              Chrm           ##..         8%          1    #......
q - Shroud of Golubria    Chrm/Tloc      #.........   22%         2    ###....

Your spell library contained the following spells:

 Spells                   Type           Power        Failure   Level  Hunger
 Song of Slaying          Chrm           ##......     11%         2    ###....
 Regeneration             Chrm/Necr      #.........   41%         3    ###....
 Spectral Weapon          Hex/Chrm       #.......     41%         3    ###....


Dungeon Overview and Level Annotations

Branches:
Dungeon (2/15)

Altars:
Cheibriados


Innate Abilities, Weirdness & Mutations

Shadows flee at your approach. (+LOS)
You can swim through water.
You cover ground slowly.
You can hop short distances.
You have sharp toenails.
You are partially covered in iridescent scales. (AC +2)
You possess an exceptional clarity of mind.


Message History

No target in view!
No target in view!
Found 12 gold pieces.
Found a snail-covered altar of Cheibriados.
You now have 79 gold pieces (gained 12).
A kobold comes into view.
It is wielding a +2 vampiric short sword.
The kobold shouts!
A hobgoblin comes into view. It is wielding a +0 club.
The hobgoblin shouts!
You hear an angry hiss.
You barely miss the kobold.
The kobold hits you with a +2 vampiric short sword.
You hit the kobold.
You kill the kobold!
An adder comes into view.
The hobgoblin barely misses you.
You closely miss the hobgoblin. The hobgoblin barely misses you.
You hit the hobgoblin. The hobgoblin hits you with a +0 club.
You hit the hobgoblin but do no damage. The adder bites you.
* * * LOW HITPOINT WARNING * * *
You are poisoned.
The adder poisons you! The hobgoblin hits you with a +0 club.
* * * LOW HITPOINT WARNING * * *
You feel sick. The adder closely misses you.
You feel sick.
Things that are here:
a +2 vampiric short sword {!w}; a kobold corpse The adder barely misses you.
You feel sick. The adder bites you.
* * * LOW HITPOINT WARNING * * *
You feel sick. The adder bites you.
* * * LOW HITPOINT WARNING * * *
You are lethally poisoned!
The adder poisons you!
It was a potion of haste.
You feel yourself speed up. The adder bites you but does no damage.
It was a potion of flight.
You feel very buoyant.
You fly up into the air.
* * * LOW HITPOINT WARNING * * *
You feel sick. The hobgoblin closely misses you.
The adder bites you but does no damage.
It was a potion of mutation.
You feel extremely strange.
Your toenails lengthen and sharpen.
Iridescent scales grow over part of your body.
Your thoughts seem clearer.
The adder bites you.
* * * LOW HITPOINT WARNING * * *
You are more poisoned.
The adder poisons you! The hobgoblin hits you with a +0 club.
You die...

.......................#
...#####......##.#######
.### #......##....#
#####..#####.# #...
.##.# ##.###.##.### #
...........#
#.#.###.##.#.#
#.#@###.##.#.#
#..gS.#.##.#.####
####.#.#.#.##.#....#
...........##.#.##.#
.##..#.#)..##......#
#........##..#.#.#
#................#
#..._........#.#.#
#.#...#####......#


You could see an adder and a hobgoblin.

Vanquished Creatures
  2 oozes (D:2)
  A worm (D:2)
  A leopard gecko (D:2)
  A ball python (D:1)
  2 giant cockroaches
  4 hobgoblins (D:1)
  8 bats
  A frilled lizard (D:1)
  6 goblins
  8 kobolds
  4 rats
38 creatures vanquished.

Notes
Turn   | Place    | Note
-------+----------+-------------------------------------------
     0 | D:1      | MalarOregon the Barachi Skald began the quest for the Orb.
     0 | D:1      | Reached XP level 1. HP: 17/17 MP: 3/3
   371 | D:1      | Reached XP level 2. HP: 20/23 MP: 5/5
   421 | D:1      | Learned a level 2 spell: Shroud of Golubria
  1234 | D:1      | Reached XP level 3. HP: 28/28 MP: 6/6
  1831 | D:2      | Found a snail-covered altar of Cheibriados.
  1859 | D:2      | Gained mutation: You have sharp toenails. [potion of
                  | mutation]
  1859 | D:2      | Gained mutation: You are partially covered in iridescent
                  | scales. (AC +2) [potion of mutation]
  1859 | D:2      | Gained mutation: You possess an exceptional clarity of
                  | mind. [potion of mutation]
  1859 | D:2      | Slain by a hobgoblin

Skill      XL: |  1  2  3 |
---------------+----------+-----
Long Blades    | 3 |  3.3
Fighting       | 3 |  3.0
Armour         | |  1.9
Dodging        | |  2.6
Spellcasting   | |  2.5
Charms         | |  3.5

Action                   || total
-------------------------++-------
Melee: Falchion          ||   130
 Cast: Shroud of Golubri ||     3
       Infusion          ||     1
  Use: Potion            ||     3
  Eat: Chunk             ||     4
Armor: Leather armour    ||    33
Dodge: Dodged            ||   105
       Rpst.: Falchion   ||    29
